 Dungeon Crawl Stone Soup version 0.30.0-10-gfe55d96785 (webtiles) character file.

Game seed: 1018581087163270786

39 Revguard the Chiller (level 3, -4/25 HPs)
             Began as a Demonspawn Ice Elementalist on May 15, 2023.
             Slain by a worm (9 damage)
             ... on level 2 of the Dungeon.
             The game lasted 00:03:26 (1257 turns).

Revguard the Chiller (Demonspawn Ice Elementalist)  Turns: 1257, Time: 00:03:27

Health: -4/25      AC:  2    Str:  8    XL:     3   Next: 28%
Magic:  2/6        EV: 12    Int: 18    God:
Gold:   83         SH:  0    Dex: 19    Spells: 2/6 levels left

rFire   . . .        c - +2 dagger (drain)
rCold   . . .        (no shield)
rNeg    . . .        a - +0 robe
rPois   .            (no helmet)
rElec   .            (no cloak)
rCorr   .            (no gloves)
SInv    .            (no boots)
Will    .....        (no amulet)
Stlth   ++           e - +6 ring of dexterity
HPRegen 0.24/turn    i - ring of wizardry
MPRegen 0.10/turn

%: wizardry (x1)
@: no status effects
A: weakness stinger 1
a: no special abilities


You were on level 2 of the Dungeon.
You visited 1 branch of the dungeon, and saw 2 of its levels.

You collected 83 gold pieces.

Inventory:

Hand Weapons
 c - a +2 dagger of draining (weapon)
Armour
 a - a +0 robe (worn)
Jewellery
 e - a +6 ring of dexterity (left hand)
 h - a +6 ring of strength
 i - a ring of wizardry (right hand)
Scrolls
 f - 2 scrolls of identify {unknown}
 g - a scroll of teleportation {unknown}
Potions
 b - a potion of magic


   Skills:
 + Level 0.8 Fighting
 + Level 0.6 Short Blades
 - Level 0.2 Staves
 + Level 2.0 Dodging
 + Level 2.1 Stealth
 + Level 2.3 Spellcasting
 + Level 3.7 Ice Magic
 + Level 1.0 Evocations


You had 2 spell levels left.
You knew the following spells:

 Your Spells              Type           Power      Damage    Failure   Level
a - Freeze                Ice            60%        1d7       1%          1
b - Frozen Ramparts       Ice            30%        1d5       4%          3

Your spell library contained the following spells:

 Spells                   Type           Power      Damage    Failure   Level
 Ozocubu's Armour         Ice            15%        N/A       4%          3
 Summon Ice Beast         Ice/Summ       8%         N/A       32%         4


Dungeon Overview and Level Annotations

Branches:
Dungeon (2/15)

Altars:

Shops:
D:1 !


Innate Abilities, Weirdness & Mutations

You have a small tail.


Message History

Confirm with . or Enter, or press ? or * to list all spells.
The spell is quite dangerous to miscast (4% risk of failure)!
Continue anyway?
Okay, then.
Items here: $ ( ) ? †.
Casting: Frozen Ramparts (quite dangerous; 4% risk of failure)
Confirm with . or Enter, or press ? or * to list all spells.
The spell is quite dangerous to miscast (4% risk of failure)!
Continue anyway?
Casting: Frozen Ramparts (quite dangerous; 4% risk of failure)
Press: ? - help, Dir - look around, f - activate The walls around you are covered in ice.
The wall freezes the dart slug.
The dart slug launches a dart at you. The slug dart hits you.
The wall freezes the dart slug.
The dart slug launches a dart at you. The slug dart misses you.
The wall freezes the rat.
You kill the rat!
The wall freezes the dart slug.
The dart slug launches a dart at you. The slug dart hits you.
The wall freezes the dart slug.
You kill the dart slug!
Your Evocations skill increases to level 1!
The wall freezes the worm.
Aiming: Freeze (safe; 1% risk of failure)
Press: ? - help, Q - select action Shift-Dir - straight line, f - worm
Aim: a worm You freeze the worm.
The worm is lightly wounded.
Aiming: Freeze (safe; 1% risk of failure)
Press: ? - help, Q - select action Shift-Dir - straight line, f/p - worm
Aim: a worm (lightly wounded)
You freeze the worm.
The worm is lightly wounded.
The wall freezes the worm.
The worm bites you!
* * * LOW HITPOINT WARNING * * *
It was a potion of cancellation.
Your magical effects are unravelling.
You feel magically purged.
The frozen ramparts melt away.
The worm bites you!
You die...

.# #...# #.##.# .# #...#
#.##.# .# ##.># #.##.#
.######.### #.##.# #
..........###.##.####.##
........................
#######.#####..........#
...# #.##w####..# ......
...##@# .###### ######.#
#.# ..# ###


You could see a worm.

Vanquished Creatures
  A dart slug (D:2)
  4 bats
  An endoplasm (D:2)
  8 goblins
  A hobgoblin (D:2)
  3 jackals (D:2)
  3 kobolds
  A quokka (D:2)
  4 ball pythons
  2 frilled lizards
  6 rats
34 creatures vanquished.

Notes
Turn   | Place    | Note
-------+----------+-------------------------------------------
     0 | D:1      | Revguard the Demonspawn Ice Elementalist began the quest
                  | for the Orb.
     0 | D:1      | Reached XP level 1. HP: 13/13 MP: 3/3
   245 | D:1      | Found Sesh's Distillery.
   365 | D:1      | Gained mutation: You have a small tail. [demonic ancestry]
   365 | D:1      | Reached XP level 2. HP: 14/19 MP: 1/5
  1017 | D:2      | Reached XP level 3. HP: 25/25 MP: 6/6
  1033 | D:2      | Learned a level 3 spell: Frozen Ramparts
  1253 | D:2      | Reached skill level 1 in Evocations
  1257 | D:2      | Slain by a worm

Illustrated notes

Levels and vault maps discovered:
D:1:      dpeg_arrival_renting, layout_basic, serial_shops, nicolae_shop_stone
D:2:      layout_basic, serial_shops, shop, minmay_tromino_v4_c

Skill      XL: |  1  2  3 |
---------------+----------+-----
Stealth        | 2 |  2.1
Dodging        | 2 |  2.0
Evocations     | 1 |  1.0
Fighting       | |  0.8
Short Blades   | |  0.6
Staves         | |  0.2
Spellcasting   | |  2.3
Ice Magic      | |  3.7

Action                     || total
---------------------------++-------
  Melee: Dagger            ||    45
         Tailslap          ||     2
   Cast: Freeze            ||    10
         Frozen Ramparts   ||     2
    Use: Potion            ||     1
   Stab: Sleeping          ||     3
         Distracted        ||     1
 Armour: Robe              ||    14
  Dodge: Dodged            ||    49
